Map: Acid Plant LE

Players

DnS - Winner!

  • Race: Protoss Protoss
  • Spawn Location: 5:00

TIME (Oliveira)

  • Race: Terran Terran
  • Spawn Location: 11:00

Event: WCS Leipzig 2018

VOD

Have the link to the VOD?

Description

Time

  • Played on: Jan. 26, 2018, 1:02 p.m.
  • Length: 12:29

All games in this series

Show
View Real Time Build Order
Export as new Build Order

DnS Protoss - Winner!

Build Orders: 1 Gate Expand, Blink Stalkers, Dark Templar Rush 

Get SALT Encoding   

  12  0:00  Probe  
  13  0:12  Probe  
  14  0:20  Pylon  
  14  0:24  Probe  
  15  0:38  Probe (Chrono Boost)  
  15  0:39  Gateway  
  16  0:47  Probe (Chrono Boost), Assimilator  
  17  0:52  Probe (Chrono Boost)  
  18  1:04  Probe  
  19  1:16  Probe  
  20  1:25  Nexus  
  20  1:35  Cybernetics Core  
  20  1:36  Probe  
  21  1:44  Assimilator  
  21  1:48  Probe  
  21  1:53  Pylon  
  22  2:01  Probe  
  23  2:09  Adept (Chrono Boost)  
  23  2:12  Warp Gate  
  23  2:13  Probe  
  26  2:21  Twilight Council  
  26  2:25  Probe  
  26  2:28  Stalker (Chrono Boost)  
  29  2:37  Probe (Chrono Boost)  
  29  2:42  Probe (Chrono Boost)  
  31  2:47  Probe (Chrono Boost)  
  31  2:50  Probe (Chrono Boost)  
  33  2:52  Probe (Chrono Boost)  
  34  3:01  Probe  
  34  3:02  Dark Shrine  
  34  3:04  Probe  
  36  3:06  Gateway  
  36  3:13  Stalker  
  36  3:17  Probe x2 (Chrono Boost)  
  42  3:27  Probe (Chrono Boost)  
  42  3:29  Probe (Chrono Boost)  
  42  3:30  Pylon  
  42  3:31  Assimilator  
  42  3:32  Probe (Chrono Boost)  
  42  3:38  Blink (Chrono Boost)  
  42  3:40  Probe  
  44  3:44  Probe  
  45  3:52  Probe, Pylon  
  46  3:56  Probe  
  46  4:00  Gateway  
  47  4:04  Probe  
  47  4:07  Pylon  
  47  4:08  Probe  
  47  4:09  Assimilator  
  49  4:15  Dark Templar  
  49  4:16  Probe  
  52  4:21  Probe  
  52  4:22  Stalker  
  54  4:28  Probe  
  53  4:33  Probe  
  54  4:40  Probe  
  54  4:45  Probe  
  54  4:48  Stalker x2  
  58  4:52  Probe  
  58  4:53  Nexus  
  58  4:58  Probe  
  60  5:00  Pylon  
  60  5:03  Stalker  
  60  5:06  Probe  
  63  5:10  Probe  
  63  5:13  Stalker  
  63  5:14  Stalker  
  68  5:19  Probe, Pylon  
  69  5:25  Robotics Facility  
  69  5:28  Charge  
  69  5:34  Stalker  
  68  5:46  Stalker  
  68  5:48  Probe  
  71  5:54  Stalker  
  71  5:55  Probe  
  74  6:01  Probe  
  74  6:02  Forge  
  75  6:05  Forge  
  75  6:11  Pylon  
  75  6:12  Sentry x2  
  75  6:13  Observer  
  80  6:24  Gateway  
  80  6:25  Gateway  
  80  6:26  Sentry  
  80  6:30  Protoss Ground Armor Level 1 (Chrono Boost)  
  80  6:31  Gateway, Protoss Ground Weapons Level 1 (Chrono Boost)  
  82  6:33  Gateway  
  82  6:35  Gateway  
  82  6:44  Probe x3  
  85  6:48  Observer  
  86  6:54  Stalker  
  86  6:56  Probe x2, Pylon  
  86  6:57  Probe  
  91  7:02  Pylon  
  91  7:08  Probe x2  
  92  7:14  Probe  
  92  7:16  Assimilator  
  92  7:18  Zealot x3  
  92  7:19  Assimilator  
  92  7:20  Probe  
  99  7:26  Probe  
  100  7:34  Zealot x2  
  102  7:38  Probe x2  
  102  7:41  Pylon  
  102  7:43  Pylon  
  104  7:45  Pylon  
  104  7:47  Zealot x6  
  114  7:54  Zealot  
  114  7:56  Protoss Ground Armor Level 2 (Chrono Boost)  
  116  8:02  Zealot  
  116  8:03  Protoss Ground Weapons Level 2 (Chrono Boost)  
  88  8:14  Probe  
  88  8:15  Sentry x2, Zealot x4  
  88  8:16  Probe  
  102  8:22  Warp Prism  
  102  8:24  Templar Archives  
  104  8:30  Nexus  
  103  8:37  Zealot  
  103  8:38  Zealot x3  
  111  8:53  Stalker x4  
  117  8:58  Pylon  
  117  9:04  High Templar x4  
  117  9:05  Probe  
  117  9:06  Probe x2  
  117  9:09  Archon x2  
  110  9:31  Immortal (Chrono Boost)  
  110  9:32  Gateway  
  110  9:34  Pylon  
  110  9:35  Gateway  
  110  9:37  Gateway  
  110  9:38  Zealot x2, Dark Templar  
  116  9:41  Gateway  
  116  9:42  Pylon  
  116  9:45  Pylon  
  116  9:54  Zealot x3, Dark Templar  
  123  10:07  Zealot, Dark Templar  
  125  10:14  High Templar x2  
  125  10:15  High Templar x2, Zealot  
  125  10:18  Archon  
  125  10:19  Archon  
  136  10:29  Zealot x3  
  136  10:35  Immortal (Chrono Boost)  
  137  10:36  Zealot x3  
  145  10:49  Stalker x7, Dark Templar  
  157  10:50  Stalker  
  125  11:15  Dark Templar x4  
  125  11:16  Zealot x2  
  138  11:18  Probe  
  138  11:19  Pylon  
  138  11:20  Archon x2  
  138  11:25  Pylon  
  138  11:30  Stalker  
  140  11:37  Stalker x2  
  140  11:39  Warp Prism (Chrono Boost)  
  142  11:45  Stalker  
  146  11:47  Stalker  
  146  11:49  Zealot x3  
  146  11:53  Probe x4  
  155  11:58  Zealot x2  
  155  11:59  Zealot x2  
  161  12:02  Zealot, Dark Templar  
  145  12:15  Zealot x3  
  145  12:16  Zealot x2  
Show
View Real Time Build Order
Export as new Build Order

TIME Terran 

Build Orders: Gas First Reaper Expand, Liberator Opening, Reaper Expand, MMM Bio 

Get SALT Encoding   

  12  0:00  SCV  
  13  0:13  SCV  
  14  0:17  Supply Depot  
  14  0:25  SCV  
  15  0:29  Refinery  
  15  0:38  SCV  
  16  0:45  Barracks  
  16  0:50  SCV  
  17  1:02  SCV  
  18  1:15  SCV  
  19  1:32  Orbital Command, Reaper  
  20  1:43  Command Center  
  20  1:53  Factory  
  20  1:58  SCV  
  21  2:06  Refinery, Barracks Reactor  
  21  2:10  SCV  
  21  2:14  Supply Depot  
  22  2:22  SCV  
  23  2:35  SCV  
  24  2:40  Starport  
  24  2:42  Widow Mine  
  24  2:43  Marine x2  
  28  2:48  SCV  
  29  2:55  Orbital Command  
  29  3:01  Marine x2  
  29  3:04  Widow Mine  
  33  3:08  SCV  
  34  3:16  Medivac  
  34  3:19  Marine x2  
  38  3:20  SCV  
  38  3:22  SCV  
  38  3:26  Widow Mine  
  42  3:30  Supply Depot  
  43  3:34  SCV x2  
  43  3:40  Marine x2  
  46  3:52  SCV x2  
  46  3:53  Liberator, Engineering Bay  
  47  3:58  Marine x2  
  47  4:01  Factory Tech Lab  
  49  4:04  SCV  
  49  4:06  Supply Depot  
  49  4:07  SCV  
  54  4:23  Siege Tank  
  54  4:27  Marine, Missile Turret  
  54  4:28  SCV  
  56  4:31  SCV  
  55  4:40  SCV  
  55  4:44  Command Center  
  55  4:45  SCV  
  56  4:52  SCV  
  57  4:55  Barracks Tech Lab  
  57  4:56  Supply Depot  
  57  4:57  SCV  
  58  5:02  Terran Infantry Weapons Level 1  
  58  5:03  Barracks  
  58  5:07  SCV  
  58  5:10  Barracks  
  59  5:15  Missile Turret  
  59  5:17  Stimpack  
  59  5:18  SCV  
  59  5:20  SCV  
  61  5:21  Marine  
  61  5:23  Starport Reactor  
  62  5:30  SCV  
  62  5:32  SCV  
  62  5:35  Refinery x2  
  64  5:39  Factory Reactor  
  64  5:41  Missile Turret  
  64  5:42  SCV, Marine  
  65  5:46  SCV  
  66  5:54  SCV, Marine x2  
  69  5:58  SCV, Orbital Command  
  69  6:01  Barracks  
  69  6:02  Barracks  
  69  6:04  Marauder  
  72  6:06  SCV  
  72  6:11  Combat Shields, Marauder  
  75  6:12  Marine  
  77  6:18  Widow Mine  
  77  6:19  Widow Mine  
  77  6:20  SCV x2  
  77  6:21  Marine  
  77  6:24  Medivac  
  84  6:29  Marine  
  85  6:40  Supply Depot  
  85  6:41  SCV x2, Medivac, Marine x2  
  85  6:42  Supply Depot, Marauder  
  93  6:51  Orbital Command  
  93  6:53  SCV  
  93  6:58  Barracks Tech Lab, Barracks Reactor  
  93  7:00  Terran Infantry Armor Level 1  
  93  7:01  Supply Depot  
  93  7:02  SCV, Widow Mine x2, Marine, Marauder  
  93  7:04  Marauder  
  93  7:06  SCV  
  93  7:08  Marine  
  101  7:14  SCV  
  100  7:18  SCV x2  
  100  7:19  Marine  
  103  7:24  Marauder  
  103  7:25  Marine  
  103  7:26  SCV  
  103  7:27  Marine  
  103  7:28  Marauder  
  109  7:30  SCV, Widow Mine x2, Medivac x2  
  109  7:33  SCV  
  109  7:34  Supply Depot  
  114  7:37  Marine x2  
  114  7:39  Marine  
  117  7:55  SCV x2, Marine x2  
  117  7:56  Marauder x2  
  117  7:57  Marine  
  125  7:59  Widow Mine, Marine  
  125  8:00  Widow Mine  
  116  8:11  Liberator  
  116  8:12  Liberator, Marine  
  103  8:13  Marine, Marauder  
  103  8:15  SCV x2, Marine  
  103  8:16  SCV  
  103  8:17  Marauder  
  103  8:18  Refinery  
  103  8:19  Refinery  
  110  8:21  Widow Mine, Armory  
  110  8:22  Widow Mine, Engineering Bay, Marine  
  110  8:23  Marauder  
  117  8:27  SCV  
  117  8:30  Marine  
  117  8:32  SCV, Marine  
  125  8:42  SCV, Marine  
  125  8:43  Supply Depot  
  125  8:44  Supply Depot  
  125  8:45  Marine  
  125  8:54  Liberator, Marine  
  125  8:55  Liberator  
  125  9:00  Supply Depot  
  125  9:05  Marauder x3  
  131  9:12  Marine x2  
  131  9:14  Terran Infantry Weapons Level 2, Terran Infantry Armor Level 2  
  137  9:19  Marine  
  137  9:22  Marine  
  129  9:26  Marauder x3  
  129  9:28  Widow Mine  
  129  9:29  Widow Mine  
  129  9:30  Marine x2  
  134  9:34  Supply Depot  
  134  9:37  Marine  
  134  9:38  Ghost Academy  
  134  9:42  Marine  
  135  9:46  Starport  
  135  9:48  Marauder x3, Marine  
  135  9:50  SCV, Widow Mine x2  
  135  9:51  SCV  
  148  9:54  Marine  
  148  9:55  Medivac x2, Marine  
  154  10:00  Marine  
  154  10:06  Marine  
  153  10:09  Marine, Marauder x2  
  153  10:12  Marine  
  155  10:21  Marine  
  155  10:25  Medivac  
  155  10:27  Marauder  
  157  10:32  Barracks Reactor  
  157  10:43  Marine x2  
  157  10:44  Marauder  
  157  10:45  Marauder  
  157  10:49  Marauder  
  152  10:55  Supply Depot  
  152  10:56  Supply Depot, Liberator x2  
  152  10:58  Command Center  
  152  11:01  Marine x2  
  141  11:05  Marauder  
  141  11:06  Liberator, Marauder  
  141  11:07  Medivac  
  141  11:10  Marine  
  122  11:19  Marine  
  122  11:23  Liberator, Missile Turret  
  126  11:27  Marauder x2, Ghost  
  126  11:29  Marine x3  
  126  11:31  Concussive Shells  
  138  11:47  Marine x3, Ghost  
  138  11:48  Marine, Ghost  
  146  11:55  Supply Depot  
  146  11:56  Ghost  
  145  12:05  Marine x2  
  145  12:06  Missile Turret  
  145  12:07  Missile Turret  
  144  12:08  Missile Turret  
Tags
 
Add a new tag
Caveats
  • Supply blocks, unpowered buildings, or Contaminate may cause inaccurate times.
  • Supply counts are checked every 10 seconds.